AoeStats
← FK I'm Dead

Arena

509915367Analyzed
1v1 RM · 4d ago on Sep 28, 2026· 48m 10s· 2 players
Game mode
Random Map
Map size
Tiny (2 player)
Population
200
Speed
Normal
Resources
Standard
Victory
Conquest
Starting age
Dark Age
Ending age
Imperial Age
RankedLock teamsTeams togetherTeam positionsShared explorationLock speedFull tech treeHidden civsTurbo modeCheats
Victory
Defeat
🇮🇹 Saxons · Italy
760
+15
🇨🇦 Jurchens · Canada
741
-33
FK I'm Dead
2:37 Loom
11:33 Feudal Age
12:20 Double-Bit Axe
12:17 Horse Collar
14:36 Wheelbarrow
17:35 Bloodlines
22:36 Castle Age
22:05 Scale Barding Armor
22:42 Light Cavalry
23:23 Husbandry
23:44 Squires
24:03 Heavy Plow
25:11 Chain Barding Armor
24:47 Pikeman
27:21 Forging
28:22 Hand Cart
28:32 Bow Saw
31:07 Town Watch
32:44 Iron Casting
32:00 Fletching
32:53 Gold Mining
33:38 Fortified Bastions
35:42 Town Patrol
36:38 Bodkin Arrow
37:30 Herbal Medicine
40:19 Imperial Age
37:53 Devotion
38:01 Scale Mail Armor
37:27 Elite Skirmisher
37:33 Crossbowman
41:55 Crop Rotation
42:27 Two-Man Saw
42:07 Plate Barding Armor
42:05 Ballistics
41:41 Murder Holes
41:38 Guard Tower
43:09 Blast Furnace
43:07 Guilds
44:36 Conscription
44:54 Hoardings
oramasuky
9:10 Feudal Age
10:31 Wheelbarrow
10:04 Double-Bit Axe
10:01 Horse Collar
18:26 Castle Age
16:27 Gold Mining
19:11 Bloodlines
20:37 Light Cavalry
25:28 Squires
25:14 Arson
25:15 Gambesons
25:43 Forging
28:30 Iron Casting
27:56 Scale Mail Armor
28:39 Fletching
28:50 Padded Archer Armor
30:55 Chain Mail Armor
30:37 Bodkin Arrow
35:10 Imperial Age
34:15 Clerical Recruitment
35:21 Sanctity
35:14 Herbal Medicine
35:37 Elite Varangian Guard
37:22 Hand Cart
38:58 Shield Wall
39:58 Conscription
41:14 Hoardings
40:56 Crossbowman
41:41 Thumb Ring
42:13 Thumb Ring
41:35 Arbalester
42:49 Hussar
43:30 Husbandry
45:37 Ballistics
46:18 Chemistry
Connection lost

Rejoining the realm…

Still unreachable

The connection could not be restored.

Session expired

The server has moved on; the page needs a fresh start.